 Dungeon Crawl Stone Soup version 0.26.1-11-gd32895ea62 (webtiles) character file.

Game seed: 6758926389743622547

10472 MisterFreud the Fighter (level 11, -9/82 (89) HPs)
             Began as a Gnoll Abyssal Knight on May 16, 2021.
             Was a High Priest of Lugonu.
             Mangled by an ice beast (14 damage)
             ... summoned by Fannar
             ... on level 10 of the Dungeon.
             The game lasted 00:19:07 (15196 turns).

MisterFreud the Fighter (Gnoll Abyssal Knight)     Turns: 15196, Time: 00:19:08

HP:   -9/82 (89)    AC: 12    Str: 15    XL:     11   Next: 62%
MP:   25/29         EV: 13    Int: 17    God:    Lugonu [*****.]
Gold: 485           SH:  0    Dex: 15    Spells: 22/22 levels left

rFire    . . .     SeeInvis .   X - +4 scimitar (flame)
rCold    . . .     Faith    .   (no shield)
rNeg     . . .     Spirit   .   j - +1 scale mail
rPois    +         Reflect  .   b - +1 hat {Will+}
rElec    .         Harm     .   q - +0 cloak {rPois}
rCorr    .         Rampage  .   (no gloves)
Will     +....                  P - +0 pair of boots
Stlth    ++........             (no amulet)
HPRegen  0.23/turn              w - ring of magical power
MPRegen  0.21/turn              F - ring of poison resistance

@: drained
A: distributed training, fangs 1, strong nose
a: Renounce Religion, Depart the Abyss, Bend Space, Banish, Corrupt, Enter the
Abyss


You were on level 10 of the Dungeon.
You worshipped Lugonu.
Lugonu was extremely pleased with you.
You visited 1 branch of the dungeon, and saw 10 of its levels.
You visited the Abyss 1 time.

You collected 576 gold pieces.
You spent 91 gold pieces at shops.

Inventory:

Hand Weapons
 o - a +3 short sword
 x - a +2 trident of protection
 I - a +3 dagger of venom
 X - a +4 scimitar of flaming (weapon)
Missiles
 e - 28 sling bullets
 f - 388 stones
 s - 6 curare-tipped darts
 E - 5 datura-tipped darts
 G - 15 boomerangs (quivered)
 K - 4 silver javelins
 V - 5 poisoned darts
Armour
 b - a +1 hat of willpower (worn)
 j - a +1 scale mail (worn)
 q - a +0 cloak of poison resistance (worn)
 P - a +0 pair of boots (worn)
Jewellery
 c - an uncursed ring of protection from cold
 w - a ring of magical power (left hand)
 F - a ring of poison resistance (right hand)
 Y - an uncursed ring of stealth
Wands
 A - a wand of random effects (10)
 U - a wand of digging (5)
 W - a wand of iceblast (6)
 Z - a wand of enslavement (10)
Scrolls
 a - 4 scrolls of enchant armour
 d - 7 scrolls of remove curse
 g - a scroll of fear
 l - 3 scrolls of magic mapping
 m - 7 scrolls of teleportation
 u - a scroll of random uselessness {unknown}
 y - a scroll of blinking {unknown}
 z - a scroll of fog {unknown}
 B - a scroll of immolation
 C - 2 scrolls of amnesia {unknown}
 H - a scroll of identify
 M - 2 scrolls of enchant weapon {unknown}
Potions
 h - 6 potions of flight
 i - 2 potions of curing
 k - a potion of mutation
 n - a potion of ambrosia
 p - 3 potions of heal wounds
 r - a potion of magic
 t - 4 potions of lignification
 v - 2 potions of cancellation {unknown}
 D - a potion of haste
 J - a potion of attraction
 L - 2 potions of brilliance
 N - a potion of might {unknown}
 T - a potion of berserk rage {unknown}


   Skills:
 + Level 9.3 Fighting
 + Level 8.0 Short Blades
 + Level 6.4 Long Blades
 + Level 6.4 Axes
 + Level 6.4 Maces & Flails
 + Level 6.4 Polearms
 + Level 6.4 Staves
 + Level 6.4 Slings
 + Level 6.4 Bows
 + Level 6.4 Crossbows
 + Level 6.4 Throwing
 + Level 8.0 Armour
 + Level 7.0 Dodging
 + Level 6.4 Stealth
 + Level 6.4 Shields
 + Level 6.4 Unarmed Combat
 + Level 6.4 Spellcasting
 + Level 5.3 Conjurations
 + Level 5.3 Hexes
 + Level 5.3 Summonings
 + Level 5.3 Necromancy
 + Level 5.3 Translocations
 + Level 5.3 Transmutations
 + Level 5.3 Fire Magic
 + Level 5.3 Ice Magic
 + Level 5.3 Air Magic
 + Level 5.3 Earth Magic
 + Level 5.3 Poison Magic
 + Level 8.5 Invocations
 + Level 6.4 Evocations


You had 22 spell levels left.
You didn't know any spells.
Your spell library contained the following spells:

 Spells                   Type           Power        Failure   Level
 Sandblast                Erth           46%          4%          1
 Passwall                 Tmut/Erth      19%          7%          2
 Stone Arrow              Conj/Erth      46%          13%         3
 Petrify                  Tmut/Erth      23%          41%         4
 Lee's Rapid Deconstruct  Erth           11%          77%         5


Dungeon Overview and Level Annotations

Branches:
Dungeon (10/15)            Temple (0/1) D:7             Orc (0/2) D:9
   Lair: D:8-11

Altars:
Ashenzari
Cheibriados
Dithmenos
Elyvilon
Gozag
Makhleb
Nemelex Xobeh
Okawaru
Qazlal
Trog
Wu Jian
Yredelemnul

Shops:
D:6 (   D:7 ?

Annotations:
D:10 Fannar


Innate Abilities, Weirdness & Mutations

Your experience applies equally to all skills.
You have very sharp teeth.
Your uncanny sense of smell can sniff out nearby items.


Message History

Fannar freezes you.
* * * LOW HITPOINT WARNING * * *
The ice beast barely misses you.
You closely miss Fannar.
Fannar is moderately wounded.
Fannar hits you with an uncursed staff of cold.
* * * LOW HITPOINT WARNING * * *
Fannar freezes you!
* * * LOW HITPOINT WARNING * * *
The ice beast hits you but does no damage.
Unknown command.
Unknown command.
Press: ? - help, Shift-Dir - straight line, f - Fannar
Aim: Fannar, wielding a staff of cold and wearing a +1 robe of cold resistance (moderately wounded, chance to affect: 38%) Fannar resists with some effort.
Fannar gestures wildly while chanting.
The ice beast hits you.
* * * LOW HITPOINT WARNING * * *
The ice beast freezes you!
You die...

#...........#
#...........#
#...........#
#...######..### .###...
#....# ### .'.....
#....# #.# #..... #....#
#.#
##.o..Y######....####.#
....oYe@..............##
##########.......>......
#........).....
#..........(..รท
#.........)(().
##########...). #.....
#...## #####


You could see Fannar, an orc warrior, 2 ice beasts and an orc.

Vanquished Creatures
  Gastronok (D:9)
  3 two-headed ogres
  Sonja (D:10)
  Pikel (D:7)
  2 centaur skeletons
  A troll (D:9)
  Eustachio (D:5)
  A wyvern (D:10)
  Menkaure (D:7)
  2 wargs
  Duvessa (D:4)
  A water moccasin (D:9)
  2 ice beasts
  3 orc warriors
  A sky beast (D:7)
  2 hornet zombies (D:5)
  3 black bears
  3 ogres
  An eye of draining (D:9)
  A necrophage (D:6)
  2 phantoms (D:4)
  2 centaurs
  2 big kobolds
  2 bullfrogs
  A gnoll sergeant (D:10)
  Dowan (D:4)
  3 scorpions
  6 wights
  4 centaur zombies
  6 orc priests
  12 hounds
  2 jellies
  9 orc wizards
  Crazy Yiuf (D:7)
  2 bullfrog skeletons
  Terence (D:3)
  3 iguanas
  7 worker ants
  2 killer bee zombies
  4 hound zombies
  A worker ant zombie (D:10)
  2 howler monkey zombies
  8 gnolls
  8 adders
  3 shadow imps
  2 white imps
  3 ufetubi
  3 adder zombies
  2 worms
  2 dart slugs
  7 leopard geckos
  34 orcs
  A ball python (D:4)
  10 giant cockroaches
  6 hobgoblins
  6 jackals
  16 kobolds
  4 quokkas
  6 bats
  5 frilled lizards
  A giant cockroach zombie (D:5)
  10 goblins
  A jackal skeleton (D:5)
  A jackal zombie (D:7)
  A leopard gecko skeleton (D:4)
  A leopard gecko zombie (D:5)
  A quokka zombie (D:5)
  11 rats
260 creatures vanquished.

Vanquished Creatures (others)
  Erica (D:9)
  A kobold (D:9)
  A withered plant (D:5)
3 creatures vanquished.

Grand Total: 263 creatures vanquished

Notes
Turn   | Place    | Note
-------+----------+-------------------------------------------
     0 | Abyss:1  | MisterFreud the Gnoll Abyssal Knight began the quest for
                  | the Orb.
     0 | Abyss:1  | Reached XP level 1. HP: 23/23 MP: 3/3
    44 | D:1      | Escaped the Abyss
   386 | D:1      | Reached XP level 2. HP: 28/29 MP: 5/5
  1228 | D:2      | Reached XP level 3. HP: 35/35 MP: 6/6
  1254 | D:2      | Reached ** piety under Lugonu
  1276 | D:2      | Found an ornate altar of the Wu Jian Council.
  1276 | D:2      | Found a white marble altar of Elyvilon.
  1755 | D:2      | Reached skill level 1 in Long Blades
  1755 | D:2      | Reached skill level 1 in Axes
  1755 | D:2      | Reached skill level 1 in Maces & Flails
  1755 | D:2      | Reached skill level 1 in Polearms
  1755 | D:2      | Reached skill level 1 in Staves
  1755 | D:2      | Reached skill level 1 in Slings
  1755 | D:2      | Reached skill level 1 in Bows
  1755 | D:2      | Reached skill level 1 in Crossbows
  1755 | D:2      | Reached skill level 1 in Throwing
  1755 | D:2      | Reached skill level 1 in Stealth
  1755 | D:2      | Reached skill level 1 in Shields
  1755 | D:2      | Reached skill level 1 in Unarmed Combat
  1755 | D:2      | Reached skill level 1 in Spellcasting
  1755 | D:2      | Reached skill level 1 in Evocations
  1884 | D:2      | Reached XP level 4. HP: 41/41 MP: 7/7
  2003 | D:3      | Noticed a bullfrog
  2026 | D:3      | Killed a bullfrog
  2027 | D:3      | Reached skill level 1 in Conjurations
  2027 | D:3      | Reached skill level 1 in Hexes
  2027 | D:3      | Reached skill level 1 in Summonings
  2027 | D:3      | Reached skill level 1 in Necromancy
  2027 | D:3      | Reached skill level 1 in Translocations
  2027 | D:3      | Reached skill level 1 in Transmutations
  2027 | D:3      | Reached skill level 1 in Fire Magic
  2027 | D:3      | Reached skill level 1 in Ice Magic
  2027 | D:3      | Reached skill level 1 in Air Magic
  2027 | D:3      | Reached skill level 1 in Earth Magic
  2027 | D:3      | Reached skill level 1 in Poison Magic
  2027 | D:3      | Reached XP level 5. HP: 36/47 MP: 8/8
  2594 | D:3      | Noticed Terence
  2638 | D:3      | Killed Terence
  2639 | D:3      | Reached skill level 5 in Invocations
  2639 | D:3      | Reached XP level 6. HP: 23/53 MP: 9/9
  2828 | D:3      | Reached *** piety under Lugonu
  3205 | D:4      | Reached skill level 5 in Short Blades
  3205 | D:4      | Reached skill level 5 in Armour
  3545 | D:4      | Found a burning altar of Makhleb.
  3691 | D:4      | Noticed a phantom
  3738 | D:4      | Killed a phantom
  3739 | D:4      | Reached XP level 7. HP: 19/59 MP: 10/10
  3982 | D:4      | Reached skill level 7 in Fighting
  4169 | D:4      | Found a sparkling altar of Nemelex Xobeh.
  4423 | D:4      | Found a shadowy altar of Dithmenos.
  4431 | D:4      | Found a basalt altar of Yredelemnul.
  4439 | D:4      | Found an iron altar of Okawaru.
  4468 | D:4      | Noticed Duvessa
  4493 | D:4      | Noticed Dowan
  4522 | D:4      | Killed Duvessa
  5279 | D:4      | Killed Dowan
  5640 | D:5      | Entered Level 5 of the Dungeon
  5884 | D:5      | Reached XP level 8. HP: 58/67 MP: 12/12
  5966 | D:5      | Noticed Eustachio
  5998 | D:5      | Killed Eustachio
  6754 | D:5      | Reached **** piety under Lugonu
  7343 | D:6      | Reached XP level 9. HP: 62/72 MP: 14/14
  7768 | D:6      | Found Seuphaoxt's Weapon Shoppe.
  7999 | D:7      | Found Plog's Magic Scroll Emporium.
  8005 | D:7      | Bought a scroll of teleportation for 42 gold pieces
  8005 | D:7      | Bought a scroll of fear for 49 gold pieces
  8191 | D:7      | Reached skill level 5 in Dodging
  8428 | D:7      | Noticed Pikel
  8434 | D:7      | Noticed Menkaure
  8459 | D:7      | Killed Pikel
  8460 | D:7      | Reached skill level 8 in Fighting
  8703 | D:7      | Killed Menkaure
  9115 | D:7      | Found a staircase to the Ecumenical Temple.
  9116 | D:7      | Found a sparkling altar of Nemelex Xobeh.
  9243 | D:7      | Reached ***** piety under Lugonu
  9325 | D:7      | Found a bloodstained altar of Trog.
  9397 | D:7      | Found a runed translucent door.
  9398 | D:7      | Noticed Crazy Yiuf
  9474 | D:7      | Found a snail-covered altar of Cheibriados.
  9477 | D:7      | Found a broken altar of Ashenzari.
  9560 | D:7      | Found a stormy altar of Qazlal.
  9705 | D:7      | Killed Crazy Yiuf
  9811 | D:8      | Found a stormy altar of Qazlal.
  9837 | D:8      | Reached XP level 10. HP: 80/80 MP: 17/17
  9909 | D:8      | Found a basalt altar of Yredelemnul.
  9957 | D:8      | Noticed a two-headed ogre
  9979 | D:8      | Killed a two-headed ogre
  9980 | D:8      | Reached skill level 5 in Long Blades
  9980 | D:8      | Reached skill level 5 in Axes
  9980 | D:8      | Reached skill level 5 in Maces & Flails
  9980 | D:8      | Reached skill level 5 in Polearms
  9980 | D:8      | Reached skill level 5 in Staves
  9980 | D:8      | Reached skill level 5 in Slings
  9980 | D:8      | Reached skill level 5 in Bows
  9980 | D:8      | Reached skill level 5 in Crossbows
  9980 | D:8      | Reached skill level 5 in Throwing
  9980 | D:8      | Reached skill level 5 in Stealth
  9980 | D:8      | Reached skill level 5 in Shields
  9980 | D:8      | Reached skill level 5 in Unarmed Combat
  9980 | D:8      | Reached skill level 5 in Spellcasting
  9980 | D:8      | Reached skill level 5 in Evocations
 11022 | D:9      | Noticed Erica
 11540 | D:9      | Noticed Gastronok
 11547 | D:9      | Noticed a two-headed ogre
 11576 | D:9      | Killed a two-headed ogre
 11900 | D:9      | Killed Erica
 12620 | D:9      | Reached XP level 11. HP: 45/87 MP: 19/19
 13378 | D:9      | Found a staircase to the Orcish Mines.
 13533 | D:9      | Found an opulent altar of Gozag.
 13631 | D:9      | Killed Gastronok
 13632 | D:9      | Reached skill level 9 in Fighting
 13632 | D:9      | Reached skill level 5 in Conjurations
 13632 | D:9      | Reached skill level 5 in Hexes
 13632 | D:9      | Reached skill level 5 in Summonings
 13632 | D:9      | Reached skill level 5 in Necromancy
 13632 | D:9      | Reached skill level 5 in Translocations
 13632 | D:9      | Reached skill level 5 in Transmutations
 13632 | D:9      | Reached skill level 5 in Fire Magic
 13632 | D:9      | Reached skill level 5 in Ice Magic
 13632 | D:9      | Reached skill level 5 in Air Magic
 13632 | D:9      | Reached skill level 5 in Earth Magic
 13632 | D:9      | Reached skill level 5 in Poison Magic
 13839 | D:10     | Entered Level 10 of the Dungeon
 13839 | D:10     | Noticed a two-headed ogre
 13841 | D:10     | Killed a two-headed ogre
 14349 | D:10     | Noticed Sonja
 14359 | D:10     | Killed Sonja
 15185 | D:10     | Noticed Fannar
 15196 | D:10     | Mangled by an ice beast

Illustrated notes

Levels and vault maps discovered:
D:1:      nicolae_arrival_somewhat_less_tricky_arrival, layout_loops_corners,
          kennysheep_pointless_box
D:2:      layout_rooms, amethyst_overflow_temple_binary, minmay_heptomino_d4
D:3:      layout_basic, serial_glass, glass_columns_c, glass_columns_b,
          uniq_terence
D:4:      layout_layer_cave, old_standard_altar, minitemple,
          minmay_misc_feat_doors, nemelex_diamond_rough_becter, uniq_duvessa
D:5:      layout_basic, serial_undead, serial_undead_b, serial_undead_c,
          serial_undead_b, serial_undead_a, serial_undead_c, serial_undead_c,
          uniq_eustachio
D:6:      layout_cave_pools, serial_shops, shop
D:7:      layout_loops_ring, kennysheep_mini_moat,
          nicolae_overflow_hidden_temple, minmay_temple_entry_sparse_star,
          serial_shops, nicolae_shop_statue_plus,
          chequers_serial_rivers_micro_b, uniq_crazy_yiuf_cottage, uniq_pikel,
          uniq_menkaure
D:8:      layout_gridville, basic_altar, grunt_qazlal_clouds
D:9:      layout_roguey, kennysheep_little_box, erik_orc_4, grunt_tough_drop,
          uniq_erica, uniq_gastronok
D:10:     layout_irregular_city, uniq_sonja, uniq_fannar

Skill      XL: |  1  2  3  4  5  6  7  8  9 10 11 |
---------------+----------------------------------+-----
Long Blades    | 1 2 3 4 5 6 |  6.4
Axes           | 1 2 3 4 5 6 |  6.4
Maces & Flails | 1 2 3 4 5 6 |  6.4
Polearms       | 1 2 3 4 5 6 |  6.4
Staves         | 1 2 3 4 5 6 |  6.4
Slings         | 1 2 3 4 5 6 |  6.4
Bows           | 1 2 3 4 5 6 |  6.4
Crossbows      | 1 2 3 4 5 6 |  6.4
Throwing       | 1 2 3 4 5 6 |  6.4
Stealth        | 1 2 3 4 5 6 |  6.4
Shields        | 1 2 3 4 5 6 |  6.4
Unarmed Combat | 1 2 3 4 5 6 |  6.4
Spellcasting   | 1 2 3 4 5 6 |  6.4
Evocations     | 1 2 3 4 5 6 |  6.4
Conjurations   | 1 2 3 4 5 |  5.3
Hexes          | 1 2 3 4 5 |  5.3
Summonings     | 1 2 3 4 5 |  5.3
Necromancy     | 1 2 3 4 5 |  5.3
Translocations | 1 2 3 4 5 |  5.3
Transmutations | 1 2 3 4 5 |  5.3
Fire Magic     | 1 2 3 4 5 |  5.3
Ice Magic      | 1 2 3 4 5 |  5.3
Air Magic      | 1 2 3 4 5 |  5.3
Earth Magic    | 1 2 3 4 5 |  5.3
Poison Magic   | 1 2 3 4 5 |  5.3
Dodging        | 3 4 5 6 7 |  7.0
Invocations    | 5 6 7 8 |  8.5
Short Blades   | 5 6 7 8 |  8.0
Armour         | 5 6 7 8 |  8.0
Fighting       | 7 8 9 |  9.3

Action                   |  1- 3 |  4- 6 |  7- 9 | 10-12 || total
-------------------------+-------+-------+-------+-------++-------
Melee: Short sword       |   122 |   253 |    16 |       ||   391
       Bite              |     9 |    37 |    82 |    88 ||   216
       Punch             |       |     1 |    14 |    15 ||    30
       Trident           |       |       |   112 |       ||   112
       Dagger            |       |       |   392 |   580 ||   972
       Scimitar          |       |       |       |    39 ||    39
Throw: Stone             |       |     7 |     2 |       ||     9
       Boomerang         |       |       |     5 |       ||     5
Invok: Banish            |       |       |       |     1 ||     1
Evoke: Wand              |       |       |     2 |     1 ||     3
  Use: Potion            |       |       |     2 |       ||     2
       Scroll            |       |       |    10 |     3 ||    13
 Stab: Sleeping          |     2 |       |     1 |     3 ||     6
Armor: Leather armour    |    20 |       |       |       ||    20
       Scale mail        |    29 |    87 |   187 |   175 ||   478
Dodge: Dodged            |    65 |   119 |   253 |   310 ||   747
       Rpst.: Scimitar   |       |       |       |     6 ||     6
